AoeStats
← jjotafigueroa

Black Forest

507858737Analyzed
2v2 RM · 11d ago on Sep 20, 2026· 79m 56s· 4 players
Game mode
Random Map
Map size
Medium (4 player)
Population
200
Speed
Normal
Resources
Standard
Victory
Conquest
Starting age
Dark Age
Ending age
Imperial Age
RankedLock teamsTeams togetherTeam positionsShared explorationLock speedFull tech treeHidden civsTurbo modeCheats
Victory
Defeat
🇩🇪 Saracens · Germany
638
+13
🇨🇴 Bulgarians · Colombia
469
+21
🇦🇷 Huns · Argentina
571
-17
🇦🇷 Vietnamese · Argentina
568
-17
SLOW SELINE1975
11:25 Feudal Age
12:41 Double-Bit Axe
16:17 Horse Collar
17:59 Wheelbarrow
24:50 Castle Age
23:37 Padded Archer Armor
23:33 Fletching
23:45 Scale Mail Armor
25:14 Arson
25:37 Elite Skirmisher
27:04 Hand Cart
32:13 Gambesons
33:35 Town Watch
33:55 Bodkin Arrow
34:16 Leather Archer Armor
34:16 Chain Mail Armor
34:07 Scale Barding Armor
34:13 Forging
34:23 Bow Saw
36:28 Stone Mining
38:31 Town Patrol
40:59 Gold Mining
44:07 Husbandry
44:35 Ballistics
44:11 Murder Holes
45:41 Stirrups
63:09 Pikeman
63:50 Squires
65:21 Thumb Ring
68:26 Imperial Age
65:42 Loom
66:41 Iron Casting
66:27 Chain Barding Armor
69:16 Cavalier
Sg1Sga
0:26 Loom
17:40 Feudal Age
18:07 Double-Bit Axe
26:20 Castle Age
25:46 Horse Collar
32:57 Bloodlines
38:01 Wheelbarrow
39:41 Crossbowman
42:03 Fletching
42:13 Padded Archer Armor
43:07 Hand Cart
47:38 Imperial Age
46:39 Thumb Ring
47:22 Husbandry
47:50 Town Watch
48:29 Bow Saw
50:26 Fortified Wall
51:20 Chemistry
50:32 Fortified Wall
51:00 Caravan
51:17 Stone Mining
51:35 Gold Mining
51:58 Heavy Plow
53:07 Elite Mameluke
54:08 Conscription
56:00 Bimaristan
55:18 Arbalester
58:57 Ballistics
59:14 Guard Tower
59:54 Bodkin Arrow
60:14 Leather Archer Armor
60:05 Scale Barding Armor
60:01 Scale Mail Armor
60:11 Forging
59:29 Heavy Camel Rider
62:16 Two-Man Saw
61:47 Counterweights
62:16 Hoardings
62:22 Keep
61:44 Murder Holes
67:25 Pikeman
68:05 Squires
67:51 Gambesons
67:51 Arson
68:23 Chain Mail Armor
68:40 Ring Archer Armor
68:10 Bracer
68:29 Chain Mail Armor
68:49 Iron Casting
68:54 Chain Barding Armor
71:34 Elite Skirmisher
71:37 Light Cavalry
73:34 Hussar
lautarosmg
14:49 Feudal Age
18:59 Man-at-Arms
23:57 Castle Age
23:02 Padded Archer Armor
22:53 Fletching
24:40 Crossbowman
26:11 Bodkin Arrow
26:32 Leather Archer Armor
27:35 Wheelbarrow
28:13 Long Swordsman
29:16 Forging
30:27 Hand Cart
40:10 Imperial Age
41:43 Double-Bit Axe
41:55 Capped Ram
46:27 Bow Saw
47:47 Town Watch
48:42 Iron Casting
48:10 Scale Mail Armor
47:46 Elite Fire Lancer
48:30 Squires
48:18 Arson
52:19 Horse Collar
53:40 Two-Man Saw
52:47 Town Patrol
52:50 Bracer
53:21 Ring Archer Armor
52:56 Scale Barding Armor
53:07 Chain Mail Armor
57:39 Chemistry
57:03 Ballistics
57:53 Plate Mail Armor
66:21 Cavalier
73:46 Light Cavalry
jjotafigueroa
11:22 Loom
17:43 Feudal Age
18:14 Town Watch
19:08 Wheelbarrow
18:17 Horse Collar
18:32 Double-Bit Axe
25:58 Arson
30:57 Castle Age
31:45 Heavy Plow
32:03 Bow Saw
32:53 Squires
32:15 Pikeman
33:39 Town Patrol
49:06 Stone Mining
49:07 Gold Mining
51:14 Gold Shaft Mining
58:28 Imperial Age
56:14 Hand Cart
60:11 Fervor
60:42 Murder Holes
61:00 Masonry
61:19 Ballistics
62:34 Chemistry
61:22 Halberdier
62:45 Elite Tarkan
63:46 Conscription
63:48 Marauders
65:25 Crossbowman
75:34 Thumb Ring
Connection lost

Rejoining the realm…

Still unreachable

The connection could not be restored.

Session expired

The server has moved on; the page needs a fresh start.